 Dungeon Crawl Stone Soup version 0.20.1-1-g8b1a95d (webtiles) character file.

163 kae the Insei (level 5, -9/41 HPs)
             Began as a Demonspawn Gladiator on Sept 15, 2017.
             Killed by divine providence
             ... invoked by an orc priest
              (13 damage)
             ... on level 2 of the Dungeon.
             The game lasted 00:02:19 (2233 turns).

kae the Insei (Demonspawn Gladiator)                Turns: 2233, Time: 00:02:20

Health: -9/41      AC:  6    Str: 15    XL:     5   Next: 20%
Magic:  0/5        EV: 12    Int: 14    God:
Gold:   92         SH:  0    Dex: 15    Spells: 4/4 levels left

rFire    . . .     SeeInvis .     - Unarmed
rCold    . . .     Gourm    .   (no shield)
rNeg     . . .     Faith    .   a - +0 leather armour
rPois    .         Spirit   +   b - +0 helmet
rElec    .         Reflect  .   (no cloak)
rCorr    .         Harm     .   (no gloves)
MR       .....                  (no boots)
Stlth    +.........             (no amulet)
Regen    0.2/turn               (no ring)
MPRegen  0.2/turn               (no ring)

@: brilliant
A: iridescent scales 1, powered by death 1, magic shield, magic regeneration
a: no special abilities


You were on level 2 of the Dungeon.
You were hungry.

You visited 1 branch of the dungeon, and saw 3 of its levels.

You collected 92 gold pieces.

Inventory:

Missiles
 c - 3 throwing nets (quivered)
Armour
 a - a +0 leather armour (worn)
 b - a +0 helmet (worn)
Potions
 e - a potion of brilliance
Comestibles
 d - 2 bread rations
 f - a royal jelly


   Skills:
 + Level 3.4 Fighting
 - Level 1.7 Throwing
 - Level 2.6 Dodging
 * Level 4.7 Unarmed Combat


You had 4 spell levels left.
You didn't know any spells.

Dungeon Overview and Level Annotations

Branches:
Dungeon (3/15)

Altars:


Innate Abilities, Weirdness & Mutations

You are partially covered in iridescent scales. (AC +2)
You regenerate a little health from kills.
When hurt, damage is shared between your health and your magic reserves.
You regenerate magic rapidly.


Message History

Pain shoots through your body!
* * * LOW HITPOINT WARNING * * *
You hit the orc priest.
The orc priest is heavily wounded.
The orc priest barely misses you.
You hit the orc priest.
The orc priest is severely wounded.
You hit the orc priest but do no damage.
The orc priest is severely wounded.
The orc priest mumbles some strange prayers to Beogh against you.
Pain shoots through your body!
* * * LOW HITPOINT WARNING * * *
You barely miss the orc priest.
The orc priest is severely wounded.
The orc priest closely misses you.
You hit the orc priest.
The orc priest is almost dead.
The orc priest calls down the wrath of Beogh upon you.
Beogh smites you!
You die...

######### #.......######
#.......##...#
#######.......##...#
..............##@..#
..............##o..#
#.###.........##...#### ##### #.#
#.................###...#####
#.###.#>......##........#........
#.....#......)##...###......#####
#####.#........#...####..........
#...............................)
#.###.########.##.#.....###....##


You could see an orc priest.

Vanquished Creatures
  Natasha (thrice) (D:3 D:2)
  4 adders (D:2)
  A worm (D:2)
  3 dart slugs (D:1)
  2 leopard geckos
  A ball python (D:1)
  3 giant cockroaches
  6 hobgoblins
  2 jackals (D:1)
  4 kobolds
  5 bats
  3 frilled lizards
  5 goblins
  7 rats
49 creatures vanquished.

Notes
Turn   | Place    | Note
-------+----------+-------------------------------------------
     0 | D:1      | kae the Demonspawn Gladiator began the quest for the Orb.
     0 | D:1      | Reached XP level 1. HP: 16/16 MP: 1/1
    63 | D:1      | Reached skill level 3 in Unarmed Combat
   247 | D:1      | Gained mutation: When hurt, damage is shared between your health and your magic reserves. [demonic ancestry]
   247 | D:1      | Reached XP level 2. HP: 19/22 MP: 2/2
   828 | D:2      | Gained mutation: You regenerate a little health from kills. [demonic ancestry]
   828 | D:2      | Reached XP level 3. HP: 28/28 MP: 3/3
  1152 | D:2      | Reached skill level 4 in Unarmed Combat
  1186 | D:2      | Gained mutation: You are partially covered in iridescent scales. (AC +2) [demonic ancestry]
  1186 | D:2      | Reached XP level 4. HP: 33/34 MP: 4/4
  1403 | D:3      | Noticed Natasha
  1427 | D:2      | HP: 1/34 [goblin/dagger (2)]
  1719 | D:3      | Killed Natasha
  1747 | D:3      | Noticed Natasha
  1898 | D:3      | Killed Natasha
  1898 | D:3      | Gained mutation: You regenerate magic rapidly. [demonic ancestry]
  1898 | D:3      | Reached XP level 5. HP: 38/41 MP: 3/5
  1937 | D:3      | Noticed Natasha
  1964 | D:2      | Killed Natasha
  2233 | D:2      | Killed from afar by an orc priest

Skill      XL: |  1  2  3  4 |
---------------+-------------+-----
Unarmed Combat | 3 4 |  4.7
Fighting       | 3 |  3.4
Throwing       | |  1.7
Dodging        | |  2.6

Action                   |  1- 3 |  4- 6 || total
-------------------------+-------+-------++-------
Melee: Unarmed           |   144 |    92 ||   236
       Punch             |     4 |     2 ||     6
Throw: Throwing net      |     1 |       ||     1
  Use: Scroll            |     1 |     2 ||     3
       Potion            |       |     3 ||     3
 Stab: Sleeping          |     1 |       ||     1
       Distracted        |       |     1 ||     1
  Eat: Chunk             |     1 |     3 ||     4
Armor: Leather armour    |    45 |    30 ||    75
Dodge: Dodged            |    96 |    58 ||   154
